 Dungeon Crawl Stone Soup version 0.24-a0-586-g8e0e932a4c (webtiles) character file.

Game seed: 18107867252377375248, levelgen mode: deterministic

10313 MenacingMecha the Blocker (level 11, -5/94 HPs)
             Began as a Troll Fighter on Sept 8, 2019.
             Was a High Priest of Okawaru.
             Slain by an orc knight
             ... wielding a +0 great mace
              (21 damage)
             ... on level 1 of the Orcish Mines.
             The game lasted 00:39:01 (12168 turns).

MenacingMecha the Blocker (Troll Fighter)          Turns: 12168, Time: 00:39:02

Health: -5/94      AC: 12    Str: 26    XL:     11   Next: 34%
Magic:  6/13       EV: 13    Int:  6    God:    Okawaru [*****.]
Gold:   747        SH: 13    Dex: 10    Spells: 7/10 levels left

rFire    . . .     SeeInvis .     - Unarmed
rCold    . . .     Gourm    +   b - +0 shield
rNeg     . . .     Faith    .   K - +0 troll leather armour {TLA, regen}
rPois    .         Spirit   .   (helmet restricted)
rElec    .         Reflect  .   i - +2 cloak {+Inv}
rCorr    .         Harm     .   (gloves unavailable)
MR       .....                  (boots unavailable)
Stlth    ++++......             x - amulet of the acrobat
HPRegen  1.05/turn              s - ring of stealth {Stlth+}
MPRegen  0.13/turn              O - ring of stealth {Stlth+}

@: heroism, finesse
A: large, unfitting armour, claws 3, fast metabolism 3, gourmand, regeneration
1, shaggy fur 1, tough skin 3
a: Heroism, Finesse, Renounce Religion, Evoke Invisibility


You were on level 1 of the Orcish Mines.
You worshipped Okawaru.
Okawaru was extremely pleased with you.
You were completely stuffed.

You visited 4 branches of the dungeon, and saw 16 of its levels.

You collected 918 gold pieces.
You spent 171 gold pieces at shops.

Inventory:

Hand Weapons
 j - a +1 vampiric short sword {!w}
   (You took it off an orc on level 5 of the Dungeon)
 t - a +2 dagger of venom
   (You took it off a kobold on level 2 of the Dungeon)
 W - a +2 halberd of flaming
   (You took it off a gnoll on level 4 of the Dungeon)
Missiles
 f - 336 stones (quivered)
 w - 28 poisoned darts
 B - 5 atropa-tipped darts
 G - 182 arrows
 P - 6 boomerangs
 X - 2 silver javelins
Armour
 b - a +0 shield (worn)
 i - a +2 cloak of invisibility (worn)
   (You acquired it on level 5 of the Dungeon)
 n - a +2 robe of magic resistance {MR+}
   (You took it off an orc wizard on level 6 of the Dungeon)
 K - a +0 troll leather armour (worn) {TLA, regen}
   (You found it on level 9 of the Dungeon)
Magical Staves
 A - an uncursed staff of summoning {unknown}
   (You found it on level 6 of the Dungeon)
 C - an uncursed staff of earth {unknown}
   (You found it on level 3 of the Dungeon)
Jewellery
 o - an uncursed ring of protection from fire {rF+}
   (You found it on level 1 of the Dungeon)
 s - a ring of stealth (left claw) {Stlth+}
   (You found it on level 1 of the Dungeon)
 u - an uncursed ring of magical power {MP+9}
   (You found it on level 2 of the Dungeon)
 v - a +2 ring of dexterity
   (You found it on level 2 of the Dungeon)
 x - an amulet of the acrobat (around neck)
   (You found it on level 2 of the Dungeon)
 y - the ring of Zunn {+Inv +Fly rElec Str+3}
   (You took it off an orc on level 6 of the Dungeon)

   [ring of flight]

   It affects your strength (+3).
   It insulates you from electricity.
   It lets you turn invisible.
   It lets you fly.
 O - a ring of stealth (right claw) {Stlth+}
   (You found it on level 10 of the Dungeon)
Wands
 D - a wand of iceblast (5)
   (You found it on level 7 of the Dungeon)
 S - a wand of scattershot (2)
   (You found it on level 10 of the Dungeon)
 T - a wand of flame (17)
   (You found it on level 11 of the Dungeon)
Scrolls
 e - 3 scrolls of enchant armour
 h - 2 scrolls of amnesia
 l - a scroll of torment {unknown}
 m - 4 scrolls of identify
 p - 2 scrolls of blinking {unknown}
 r - a scroll of remove curse
 E - 2 scrolls of teleportation
 H - a scroll of magic mapping {unknown}
 L - 2 scrolls of enchant weapon
 R - a scroll of fear {unknown}
Potions
 a - 2 potions of ambrosia {unknown}
 c - a potion of might
 k - 3 potions of berserk rage
 q - 5 potions of curing
 z - a potion of degeneration
 F - a potion of invisibility {unknown}
 I - 2 potions of haste {unknown}
 J - a potion of magic {unknown}
 Q - a potion of flight
 V - a potion of brilliance
Miscellaneous
 N - a crystal ball of energy
   (You found it on level 9 of the Dungeon)
 U - a sack of spiders
Comestibles
 d - 17 rations
 g - a chunk of flesh


   Skills:
 - Level 2.4(7.4) Fighting
 * Level 2.2(7.2) Polearms
 - Level 1.8(6.8) Throwing
 + Level 4.4(9.4) Dodging
 - Level 9.0(14.0) Shields
 - Level 8.1(13.1) Unarmed Combat
 - Level 6.4 Transmutations
 * Level 3.4 Invocations
 - Level 4.3 Evocations


You had 7 spell levels left.
You knew the following spells:

 Your Spells              Type           Power        Failure   Level  Hunger
a - Beastly Appendage     Tmut           #.....       4%          1    ##.....
s - Sticks to Snakes      Tmut           #.......     6%          2    ###....

Your spell library contained the following spells:

 Spells                   Type           Power        Failure   Level  Hunger
 Spider Form              Tmut/Pois      #.........   41%         3    ####...
 Confusing Touch          Hex            #.....       50%         1    ##.....
 Blade Hands              Tmut           #.........   73%         5    ######.
 Ice Form                 Ice/Tmut       #.......     83%         4    #####..
 Petrify                  Tmut/Erth      #.......     83%         4    #####..
 Confuse                  Hex            #.......     86%         3    ####...
 Gell's Gravitas          Tloc           #.........   86%         3    ####...
 Yara's Violent Unravell  Hex/Tmut       #.........   99%         5    ######.
 Metabolic Englaciation   Hex/Ice        #.........   100%        5    ######.


Dungeon Overview and Level Annotations

Branches:
Dungeon (12/15)            Temple (1/1) D:5            Lair (1/6) D:9
    Orc (2/2) D:10            Elf (0/3) Orc:2

Altars:
Ashenzari
Cheibriados
Dithmenos
Elyvilon
Fedhas
Gozag
Hepliaklqana
Kikubaaqudgha
Makhleb
Nemelex Xobeh
Okawaru
Qazlal
Ru
Sif Muna
Trog
Uskayaw
Vehumet
Wu Jian
Xom
Yredelemnul
Zin
The Shining One

Shops:
D:5 *

Annotations:
D:10 exclusion: obsidian statue
D:11 exclusion: tengu reaver
Lair:1 exclusion: 2 hydras


Innate Abilities, Weirdness & Mutations

You are too large for most types of armour.
You have claws for hands.
Your metabolism is lightning-fast.
You like to eat raw meat.
Your natural rate of healing is unusually fast.
You are covered in fur. (AC +1)
You have extremely tough skin. (AC +3)


Message History

You now have 689 gold pieces (gained 19).
You now have 708 gold pieces (gained 19).
You now have 733 gold pieces (gained 25).
You now have 747 gold pieces (gained 14).
Okay, then.
Eating one of 10 chunks of flesh.
You eat one of the 10 chunks of flesh.
This raw flesh tastes great.
Eating one of 9 chunks of flesh.
You eat one of the 9 chunks of flesh.
This raw flesh tastes great.
Eating one of 8 chunks of flesh.
You eat one of the 8 chunks of flesh.
This raw flesh tastes great.
Eating one of 7 chunks of flesh.
You eat one of the 7 chunks of flesh.
This raw flesh tastes great.
Eating one of 6 chunks of flesh.
You eat one of the 6 chunks of flesh.
This raw flesh tastes great.
Eating one of 5 chunks of flesh.
You eat one of the 5 chunks of flesh.
This raw flesh tastes great.
Eating one of 4 chunks of flesh.
You eat one of the 4 chunks of flesh.
This raw flesh tastes great.
Eating one of 3 chunks of flesh.
You eat one of the 3 chunks of flesh.
This raw flesh tastes great.
Done exploring.
Done exploring.
There is a stone staircase leading down here.
You climb downwards.
An orc and 2 orc warriors come into view.
Found 76 gold pieces.
Found a staircase to the Elven Halls.
There is a stone staircase leading up here.
Throwing (i - inventory. (/) - cycle)
f - 337 stones (quivered)
Press: ? - help, Shift-Dir - straight line, f - orc warrior
Aim: an orc warrior, wielding a +0 scimitar and wearing a +0 plate armour (resting)
You throw a stone. The stone hits the orc warrior.
The orc warrior shouts!
The orc warrior is lightly wounded.
The orc shouts!
You hear a shout! x4
An orc priest comes into view.
It is wielding a +4 trident of piercing.
You hear a shout! x2
You climb upwards.
There is a stone staircase leading down here.
You climb downwards.
An orc, an orc wizard and an orc knight come into view.
The orc is wielding a +0 war axe of chopping.
The orc wizard shouts!
The orc knight shouts!
You hear a shout! x2
The orc warrior shouts!
The orc shouts!
There is a stone staircase leading up here.
You hear a shout!
The orc knight roars a battlecry!
The orcs go into a battle-frenzy!
You climb upwards.
There is a stone staircase leading down here.
You mangle the orc warrior!!
The orc warrior is severely wounded.
The orc warrior hits you with a +0 scimitar!!
You barely miss the orc warrior.
The orc warrior is severely wounded.
You block the orc warrior's attack.
You scratch the orc warrior but do no damage.
The orc warrior is severely wounded.
You barely miss the orc warrior.
The orc warrior is severely wounded.
You block the orc warrior's attack.
You scratch the orc warrior.
The orc warrior is almost dead.
You block the orc warrior's attack.
You claw the orc warrior!
You kill the orc warrior!
Okawaru accepts your kill.
Things that are here:
a +0 scimitar; a +0 plate armour You start resting.
Eating one of 2 chunks of flesh.
You eat one of the 2 chunks of flesh.
This raw flesh tastes great.
HP restored.
There is a stone staircase leading down, spattered with blood here.
You climb downwards.
The orc warrior closely misses you. You block the orc's attack.
You block the orc knight's attack. The orc closely misses you.
The orc wizard mumbles some strange words.
The orc wizard seems to speed up.
The orc hits you but does no damage. You block the orc warrior's attack.
The orc wizard shouts!
There is a stone staircase leading up here.
You hear a shout!
The orc knight roars a battlecry!
The orcs go into a battle-frenzy!
The orc hits you with a +2 mace of distortion.
Space bends around you.
The orc priest miscasts a cantrip.
You block the orc's attack.
You hear a shout!
You climb upwards.
There is a stone staircase leading down, spattered with blood here.
You can now deal lightning-fast blows.
The orc knight hits you with a +0 great mace!!
The orc warrior hits you with a +0 scimitar!!
You block the orc's attack. x2
You gain the combat prowess of a mighty hero.
The orc warrior hits you with a +0 scimitar!
* * * LOW HITPOINT WARNING * * *
The orc knight hits you with a +0 great mace!!
You die...

##..........#.....##.#.##
#....#...#.#............#
##................##...####
#.................#.#..)#.##
##.##...#....#........[)...##
###.#.#..............).....#
#....#................#...##
##.........#o........###...##
##........o@o........##....##
##........o[................#
#.......#..................##
##.#.....#...#..............#
##..........................
##.#....................##..#
##........................#.##
#...<.......#............#...#
##.#.....................##.##


You could see an orc knight, an orc warrior and 2 orcs.

Vanquished Creatures
  4 two-headed ogres
  An ugly thing (D:12)
  2 spiny frogs (Lair:1)
  A tengu conjurer (D:10)
  3 trolls
  Prince Ribbit (D:9)
  2 hippogriffs
  A redback (shapeshifter) (D:11)
  2 wyverns
  Eustachio (D:5)
  Menkaure (D:4)
  A warg (Orc:1)
  A hungry ghost (D:8)
  2 water moccasins
  2 porcupines (Lair:1)
  3 ice beasts
  A hornet zombie (D:8)
  6 orc warriors
  2 black bears (D:8)
  A necrophage (D:10)
  5 phantoms
  2 eyes of draining (D:12)
  3 ogres
  5 centaurs
  2 big kobolds
  3 bullfrogs
  A scorpion (D:7)
  3 wights (D:10)
  A howler monkey (D:5)
  A crimson imp (D:6)
  A bullfrog zombie (D:8)
  5 orc wizards
  2 centaur skeletons
  3 orc priests
  A jelly (D:9)
  A bullfrog skeleton (D:12)
  A hound (D:5)
  Jessica (D:2)
  Natasha (thrice) (D:2)
  3 iguanas
  12 worker ants
  A killer bee zombie (D:6)
  A hound skeleton (D:10)
  2 worker ant zombies
  3 gnolls (D:4)
  9 adders
  A shadow imp (D:5)
  2 oozes (D:1)
  2 adder zombies
  5 worms
  2 dart slugs
  4 leopard geckos
  31 orcs
  12 bats
  3 giant cockroaches
  2 gnoll zombies (D:9)
  4 hobgoblins
  6 jackals
  9 quokkas
  6 frilled lizards
  A giant cockroach zombie (D:6)
  2 goblins (D:1)
  A jackal skeleton (D:5)
  17 kobolds
  2 leopard gecko zombies (D:5)
  5 rats
230 creatures vanquished.

Notes
Turn   | Place    | Note
-------+----------+-------------------------------------------
     0 | D:1      | MenacingMecha the Troll Fighter began the quest for the
                  | Orb.
     0 | D:1      | Reached XP level 1. HP: 22/22 MP: 0/0
    81 | D:1      | Reached XP level 2. HP: 29/29 MP: 1/1
   122 | D:1      | Reached skill level 3 in Unarmed Combat
   308 | D:1      | Reached XP level 3. HP: 36/36 MP: 2/2
   814 | D:2      | Noticed Jessica
   832 | D:2      | Killed Jessica
   832 | D:2      | Reached skill level 4 in Unarmed Combat
   869 | D:2      | Reached XP level 4. HP: 44/44 MP: 3/3
   883 | D:2      | Noticed Natasha
   897 | D:2      | Killed Natasha
  1012 | D:2      | Found a burning altar of Makhleb.
  1013 | D:2      | Found a shadowy altar of Dithmenos.
  1062 | D:2      | Noticed Natasha
  1066 | D:2      | Killed Natasha
  1066 | D:2      | Reached skill level 3 in Shields
  1379 | D:2      | Found a faded altar of an unknown god.
  1596 | D:2      | Noticed Natasha
  1606 | D:2      | Killed Natasha
  1606 | D:2      | Reached XP level 5. HP: 33/50 MP: 4/4
  1801 | D:3      | Reached skill level 5 in Unarmed Combat
  1827 | D:3      | Learned a level 1 spell: Beastly Appendage
  1850 | D:3      | Found a glowing silver altar of Zin.
  1930 | D:3      | Found a hide-covered altar of Uskayaw.
  2477 | D:3      | Found a glowing golden altar of the Shining One.
  2660 | D:4      | Found a shattered altar of Ashenzari.
  2660 | D:4      | Noticed Menkaure
  2665 | D:4      | Killed Menkaure
  2665 | D:4      | Reached skill level 6 in Unarmed Combat
  2665 | D:4      | Reached XP level 6. HP: 57/59 MP: 5/5
  2761 | D:4      | Found a blossoming altar of Fedhas.
  2850 | D:4      | Found a hazy altar of Hepliaklqana.
  2887 | D:4      | Reached skill level 4 in Shields
  2961 | D:4      | Noticed a hippogriff
  2970 | D:4      | Killed a hippogriff
  2970 | D:4      | Reached skill level 7 in Unarmed Combat
  2970 | D:4      | Reached XP level 7. HP: 56/66 MP: 6/6
  3297 | D:5      | Entered Level 5 of the Dungeon
  3299 | D:5      | Found a staircase to the Ecumenical Temple.
  3311 | Temple   | Entered the Ecumenical Temple
  3325 | Temple   | Became a worshipper of Warmaster Okawaru
  3436 | D:5      | Reached skill level 1 in Transmutations
  3586 | D:5      | Noticed Eustachio
  4042 | D:5      | HP: 12/66 [river rat[Eustachio] (5)]
  4047 | D:5      | Killed Eustachio
  4047 | D:5      | Reached skill level 5 in Shields
  4047 | D:5      | Reached skill level 2 in Transmutations
  4047 | D:5      | HP: 9/99 [poisoned by Eustachio]
  4051 | D:5      | HP: 3/66 [poisoned by Eustachio]
  4261 | D:5      | Reached XP level 8. HP: 66/74 MP: 7/7
  4340 | D:5      | Found Wevoic's Assorted Antiques.
  4343 | D:5      | Bought a wooden ring for 95 gold pieces
  4343 | D:5      | Bought a scroll labeled ELOCOV WIMAM for 19 gold pieces
  4343 | D:5      | Bought a scroll of teleportation for 57 gold pieces
  4403 | D:5      | Found an ancient bone altar of Kikubaaqudgha.
  4527 | D:5      | HP: 8/74 [orc warrior/+0 long sword (18)]
  4905 | D:5      | Reached skill level 3 in Transmutations
  4912 | D:5      | Reached * piety under Okawaru
  4989 | D:5      | Reached skill level 6 in Shields
  5226 | D:6      | Identified the ring of Zunn {+Inv +Fly rElec Str+3}
  5293 | D:6      | Reached skill level 4 in Transmutations
  5293 | D:6      | Reached skill level 1 in Invocations
  5501 | D:6      | Reached ** piety under Okawaru
  5553 | D:7      | Reached XP level 9. HP: 71/80 MP: 9/9
  5814 | D:7      | Reached skill level 1 in Evocations
  5937 | D:7      | Found an ornate altar of the Wu Jian Council.
  6242 | D:8      | Reached skill level 7 in Shields
  6287 | D:8      | Noticed a two-headed ogre
  6356 | D:8      | Killed a two-headed ogre
  6356 | D:8      | Reached *** piety under Okawaru
  6356 | D:8      | Reached skill level 5 in Transmutations
  6356 | D:8      | Reached skill level 2 in Evocations
  6502 | D:8      | Learned a level 2 spell: Sticks to Snakes
  6560 | D:8      | Found a bloodstained altar of Trog.
  6676 | D:8      | Noticed a two-headed ogre
  6690 | D:8      | Killed a two-headed ogre
  6690 | D:8      | Reached **** piety under Okawaru
  6690 | D:8      | Reached skill level 8 in Shields
  6690 | D:8      | Reached skill level 6 in Transmutations
  6690 | D:8      | Reached skill level 3 in Evocations
  6690 | D:8      | Reached XP level 10. HP: 65/88 MP: 9/11
  8011 | D:9      | Found an opulent altar of Gozag.
  8180 | D:9      | Noticed Prince Ribbit
  8200 | D:9      | Killed Prince Ribbit
  8328 | D:9      | Found a staircase to the Lair.
  8368 | D:9      | Found a basalt altar of Yredelemnul.
  8535 | D:10     | Entered Level 10 of the Dungeon
  8535 | D:10     | Found a staircase to the Orcish Mines.
  8692 | D:10     | Noticed a two-headed ogre
  8698 | D:10     | Killed a two-headed ogre
  8698 | D:10     | Reached skill level 3 in Dodging
  8985 | D:10     | Reached skill level 9 in Shields
  9240 | D:10     | Reached skill level 4 in Evocations
  9272 | D:10     | Found a stormy altar of Qazlal.
  9518 | D:10     | Noticed an obsidian statue
  9792 | Lair:1   | Entered Level 1 of the Lair of Beasts
  9810 | Lair:1   | Noticed a spiny frog
  9818 | Lair:1   | Killed a spiny frog
  9987 | Lair:1   | Noticed a spiny frog
 10044 | Lair:1   | Killed a spiny frog
 10044 | Lair:1   | Reached skill level 8 in Unarmed Combat
 10095 | Lair:1   | Reached ***** piety under Okawaru
 10103 | Lair:1   | Noticed a five-headed hydra
 10112 | Lair:1   | Noticed an eight-headed hydra
 10140 | D:9      | Reached XP level 11. HP: 87/94 MP: 13/13
 10548 | D:11     | Reached skill level 4 in Dodging
 10737 | D:11     | Reached skill level 2 in Invocations
 11191 | D:11     | Noticed a two-headed ogre
 11206 | D:11     | Killed a two-headed ogre
 11206 | D:11     | Received a gift from Okawaru
 11206 | D:11     | Reached skill level 1 in Polearms
 11206 | D:11     | Reached skill level 1 in Throwing
 11513 | D:12     | Noticed a red ugly thing
 11520 | D:12     | Killed a red ugly thing
 11520 | D:12     | Received a gift from Okawaru
 11520 | D:12     | Reached skill level 3 in Invocations
 11522 | D:12     | Noticed a fire crab
 11522 | D:12     | a raiju changed into a fire crab
 11523 | D:12     | Noticed a tengu reaver
 11761 | D:12     | Reached skill level 2 in Polearms
 11778 | D:12     | HP: 12/94 [tengu reaver/bolt of magma (56)]
 11779 | D:12     | HP: 4/94 [tengu reaver/+1 long sword of slicing (4)]
 11786 | D:12     | HP: 9/94 [tengu reaver/+1 long sword of slicing (5)]
 11792 | D:12     | HP: 11/94 [tengu reaver/+1 long sword of slicing (3)]
 11899 | Orc:1    | Entered Level 1 of the Orcish Mines
 12118 | Orc:2    | Entered Level 2 of the Orcish Mines
 12118 | Orc:2    | Found a staircase to the Elven Halls.
 12127 | Orc:2    | Noticed an orc knight
 12168 | Orc:1    | HP: 16/94 [orc warrior/+0 scimitar (16)]
 12168 | Orc:1    | Slain by an orc knight

Levels and vault maps discovered:
D:1:      lemuel_arrival_hallway, layout_basic
D:2:      layout_basic, gammafunk_temple_overflow_pools,
          chequers_ecumenical_altar_simple_redux, uniq_natasha, uniq_jessica
D:3:      layout_basic, nicolae_overflow_hidden_temple, old_standard_altar,
          overflow_temple_1_default, minmay_between
D:4:      layout_loops_ring, kennysheep_mini, marbit_many_paths,
          chequers_hall_statues_wall_a, evilmike_ruin_ashenzari, uniq_menkaure
D:5:      layout_basic, lemuel_coloured_pillars_altar, temple_statues,
          first_ration, serial_shops, nicolae_shop_behind_doors,
          kennysheep_generic_room_14, uniq_eustachio
D:6:      layout_rooms
D:7:      layout_loops_ring, lemuel_doored_altar, st_stairs_6
D:8:      layout_loops_ring, trog_ov_bears_minmay
D:9:      layout_basic, lemuel_zombie_altar_yredelemnul,
          overflow_temple_1_default, lair_entry_dummy, uniq_prince_ribbit1
D:10:     layout_irregular_city, david_orc_2, basic_altar,
          serial_co_window_serial, co_window_corner_a, co_window_corner_a,
          co_window_cross_1, co_window_paths_a, co_window_paths_a,
          co_window_paths_c, co_window_corner_cb, co_window_corner_b,
          glass_columns_a, grunt_tengu_nest, corexii_leaking_fountain,
          minmay_protected_statue
D:11:     layout_irregular_city
D:12:     minmay_complete_graph, layout_irregular_city, minmay_misc_feat_square
Temple:   zaba_magenta_temple
Lair:1:   lemuel_ratsnest, layout_concentric_octagons
Orc:1:    layout_caves, nicolae_orc_rockfall
Orc:2:    grunt_orc_tribal_feast, layout_caves

Skill      XL: |  1  2  3  4  5  6  7  8  9 10 11 |
---------------+----------------------------------+-----
Unarmed Combat | 3 4 6 7 8 |  8.1
Shields        | 3 4 5 6 8 9 |  9.0
Transmutations | 2 4 6 |  6.4
Invocations    | 1 3 |  3.4
Evocations     | 3 4 |  4.3
Dodging        | 3 4 |  4.4
Polearms       | 2 |  2.2
Throwing       | 1 |  1.8
Fighting       | |  2.4

Action                   |  1- 3 |  4- 6 |  7- 9 | 10-12 || total
-------------------------+-------+-------+-------+-------++-------
Melee: Unarmed           |    61 |   123 |   285 |   358 ||   827
       Kick              |       |       |     8 |     6 ||    14
Throw: Stone             |       |       |     4 |     8 ||    12
 Cast: Beastly Appendage |       |       |     5 |     3 ||     8
       Sticks to Snakes  |       |       |       |     6 ||     6
Invok: Heroism           |       |       |     1 |     2 ||     3
       Finesse           |       |       |       |     1 ||     1
  Use: Potion            |       |       |    10 |     1 ||    11
       Scroll            |       |       |    12 |     1 ||    13
 Stab: Sleeping          |     1 |    10 |     8 |     2 ||    21
       Distracted        |       |     2 |     2 |       ||     4
  Eat: Chunk             |     5 |    21 |    33 |    49 ||   108
       Ration            |     1 |     1 |       |     2 ||     4
Armor: Robe              |    37 |    38 |    87 |    26 ||   188
       Troll leather arm |       |       |       |    54 ||    54
Dodge: Dodged            |    24 |    30 |   139 |   134 ||   327
Block: Shield            |    21 |    51 |   143 |   199 ||   414

Table legend:
 A = Non-vault XP
 B = Vault XP
 C = Vault XP percentage of total XP
 D = Non-vault monster count
 E = Vault monster count
 F = Vault count percentage of total count
                 A         B        C        D         E       F
            +---------+---------+-------+---------+---------+-------
      Total |   11873 |    2861 |  19.4 |     200 |      30 |  13.0
            +---------+---------+-------+---------+---------+-------
        D:1 |      49 |       0 |   0.0 |      21 |       0 |   0.0
        D:2 |     100 |      74 |  42.5 |      10 |       2 |  16.7
        D:3 |     100 |      43 |  30.1 |      24 |       4 |  14.3
        D:4 |     550 |     175 |  24.1 |      12 |       1 |   7.7
        D:5 |     842 |     215 |  20.3 |      28 |       3 |   9.7
        D:6 |     584 |       0 |   0.0 |      14 |       0 |   0.0
        D:7 |     660 |      13 |   1.9 |      12 |       1 |   7.7
        D:8 |    3060 |     257 |   7.7 |      22 |       2 |   8.3
        D:9 |    1091 |     286 |  20.8 |      12 |       6 |  33.3
       D:10 |    1433 |     454 |  24.1 |      15 |       5 |  25.0
       D:11 |    1479 |     211 |  12.5 |      16 |       1 |   5.9
       D:12 |     402 |    1000 |  71.3 |       4 |       4 |  50.0
     Lair:1 |    1214 |       0 |   0.0 |       5 |       0 |   0.0
      Orc:1 |     309 |     133 |  30.1 |       5 |       1 |  16.7
            +---------+---------+-------+---------+---------+-------

Levels and vault maps discovered:
D:1:      lemuel_arrival_hallway, layout_basic
D:2:      layout_basic, gammafunk_temple_overflow_pools,
          chequers_ecumenical_altar_simple_redux, uniq_natasha, uniq_jessica
D:3:      layout_basic, nicolae_overflow_hidden_temple, old_standard_altar,
          overflow_temple_1_default, minmay_between
D:4:      layout_loops_ring, kennysheep_mini, marbit_many_paths,
          chequers_hall_statues_wall_a, evilmike_ruin_ashenzari, uniq_menkaure
D:5:      layout_basic, lemuel_coloured_pillars_altar, temple_statues,
          first_ration, serial_shops, nicolae_shop_behind_doors,
          kennysheep_generic_room_14, uniq_eustachio
D:6:      layout_rooms
D:7:      layout_loops_ring, lemuel_doored_altar, st_stairs_6
D:8:      layout_loops_ring, trog_ov_bears_minmay
D:9:      layout_basic, lemuel_zombie_altar_yredelemnul,
          overflow_temple_1_default, lair_entry_dummy, uniq_prince_ribbit1
D:10:     layout_irregular_city, david_orc_2, basic_altar,
          serial_co_window_serial, co_window_corner_a, co_window_corner_a,
          co_window_cross_1, co_window_paths_a, co_window_paths_a,
          co_window_paths_c, co_window_corner_cb, co_window_corner_b,
          glass_columns_a, grunt_tengu_nest, corexii_leaking_fountain,
          minmay_protected_statue
D:11:     layout_irregular_city
D:12:     minmay_complete_graph, layout_irregular_city, minmay_misc_feat_square
Temple:   zaba_magenta_temple
Lair:1:   lemuel_ratsnest, layout_concentric_octagons
Orc:1:    layout_caves, nicolae_orc_rockfall
Orc:2:    grunt_orc_tribal_feast, layout_caves

Table legend:
 A = Turns spent in this place as a percentage of turns spent in the entire game.
 B = Non-inter-level travel turns spent in this place as a percentage of non-inter-level travel turns spent in the entire game.
 C = Inter-level travel turns spent in this place as a percentage of turns spent in this place.
 D = Turns resting spent in this place as a percentage of non-inter-level travel turns spent in this place.
 E = Turns spent auto-exploring this place as a percentage of non-inter-level travel turns spent in this place.
 F = Non-inter-level travel turns spent in this place divided by the number of levels of this place that you've seen.
                   A       B       C       D       E      F
               +-------+-------+-------+-------+-------+----------------------
         Total | 100.0 | 100.0 |  11.7 |  12.8 |  51.3 | 671.8
       Dungeon |  94.3 |  93.9 |  12.1 |  13.0 |  52.5 | 841.1
        Temple |   0.7 |   0.6 |  23.5 |   0.0 |  88.7 |  62.0
          Lair |   2.8 |   3.2 |   0.3 |  11.5 |  35.7 | 339.0
  Orcish Mines |   2.2 |   2.4 |   5.2 |   9.8 |  18.4 | 127.5
               +-------+-------+-------+-------+-------+----------------------

Table legend:
 A = Kills in this place as a percentage of kills in entire the game.
 B = Kills by you in this place as a percentage of kills by you in the entire game.
 C = Kills by friends in this place as a percentage of kills by friends in the entire game.
 D = Other kills in this place as a percentage of other kills in the entire game.
 E = Experience gained in this place as a percentage of experience gained in the entire game.
 F = Experience gained in this place divided by the number of levels of this place that you have seen.
                   A       B       C       D       E      F
               +-------+-------+-------+-------+-------+----------------------
         Total | 100.0 | 100.0 |   N/A |   N/A | 100.0 | 920.9
       Dungeon |  95.2 |  95.2 |   N/A |   N/A |  88.8 | 1089.8
          Lair |   2.2 |   2.2 |   N/A |   N/A |   8.2 | 1214.0
  Orcish Mines |   2.6 |   2.6 |   N/A |   N/A |   3.0 | 221.0
               +-------+-------+-------+-------+-------+----------------------
